Description

zxc

VOD

https://www.youtube.com/watch?v=joMDyi9sNPw

Replay - Top 10 Protoss Cheeses PvP 3 Gate Robo Game 10

Build Order

Get SALT Encoding   

  12  0:01  Probe  
  13  0:13  Probe  
  14  0:18  Pylon  
  14  0:24  Probe  
  15  0:33  Probe  
  15  0:39  Gateway  
  15  0:41  Probe  
  17  0:50  Assimilator  
  17  0:51  Probe  
  17  0:55  Assimilator  
  18  1:04  Probe  
  19  1:12  Gateway  
  19  1:16  Probe  
  20  1:26  Cybernetics Core  
  20  1:28  Probe  
  21  1:34  Pylon  
  21  1:40  Probe  
  22  1:52  Warp Gate  
  23  2:02  Stalker, Sentry  
  28  2:08  Pylon  
  29  2:26  Robotics Facility  
  29  2:31  Shield Battery  
  29  2:38  Stalker  
  33  2:44  Sentry  
  33  2:52  Pylon  
  33  3:03  Warp Prism  
  33  3:04  Gateway  
  35  3:33  Observer  
  35  3:40  Stalker x2  
  40  3:55  Pylon  
  40  3:58  Stalker  
  40  4:01  Observer  
  43  4:06  Stalker x2  
  46  4:21  Stalker  
  45  4:30  Stalker  
  45  4:46  Stalker  
Spawning Tool Build Advisor. Get it on Overwolf

Analysis

zxc

Go to:

Details

  • Created by: Pose1don
  • Published on: Oct 14, 2019
  • Modified on: Oct 14, 2019
  • Patch: 4.7.1
Show
View Real Time Build Order
Export as new Build Order

Comments (0)

There are no comments. Be the first!

Create an account to comment!